AoeStats
← Caramelbaum

Arabia

505525246Analyzed
1v1 RM · 24d ago on Sep 9, 2026· 53m 9s· 2 players
Game mode
Random Map
Map size
Tiny (2 player)
Population
200
Speed
Normal
Resources
Standard
Victory
Conquest
Starting age
Dark Age
Ending age
Imperial Age
RankedLock teamsTeams togetherTeam positionsShared explorationLock speedFull tech treeHidden civsTurbo modeCheats
Victory
Defeat
🇦🇷 Khmer · Argentina
740
+16
🇩🇪 Ethiopians · Germany
749
-16
elterco_69
2:25 Loom
10:40 Feudal Age
13:11 Double-Bit Axe
13:08 Horse Collar
16:32 Gold Mining
16:33 Stone Mining
20:34 Castle Age
21:33 Bow Saw
22:00 Stone Shaft Mining
22:04 Gold Shaft Mining
27:53 Heavy Plow
28:37 Wheelbarrow
32:05 Imperial Age
30:06 Light Cavalry
31:59 Murder Holes
32:25 Ballistics
34:00 Hand Cart
34:13 Forging
34:08 Scale Barding Armor
34:16 Masonry
33:30 Hussar
34:39 Elite Battle Elephant
38:20 Tusk Swords
39:03 Hoardings
39:06 Iron Casting
38:51 Chain Barding Armor
39:02 Architecture
38:46 Bloodlines
38:37 Husbandry
41:46 Blast Furnace
42:12 Plate Barding Armor
Caramelbaum
10:20 Loom
12:37 Feudal Age
14:15 Wheelbarrow
14:07 Double-Bit Axe
14:19 Town Watch
16:34 Horse Collar
19:58 Stone Mining
20:01 Gold Mining
27:09 Castle Age
25:32 Scale Mail Armor
25:43 Forging
25:36 Arson
28:59 Heavy Plow
29:40 Stone Shaft Mining
29:47 Gold Shaft Mining
33:41 Imperial Age
31:44 Royal Heirs
33:22 Bow Saw
35:03 Squires
36:21 Iron Casting
36:04 Chain Mail Armor
39:40 Two-Man Saw
38:57 Hand Cart
39:08 Conscription
38:09 Elite Shotel Warrior
Connection lost

Rejoining the realm…

Still unreachable

The connection could not be restored.

Session expired

The server has moved on; the page needs a fresh start.